[ PARTIDA AOE2 · #482709214 ]
1v1 RMSarracenos vs Persians
Equipo del jugador · DERR
Equipo rival · VICT
[ ANÁLISIS DE REPETICIÓN · EXTRAÍDO DE LA PARTIDA GRABADA ]
Feudal
9:20
Castillos
25:46
Imperial
—
| APM promedio | 88.6 |
| APM pico | 148 |
| eAPM promedio | 35.9 |
| Aldeanos / militares | 77 / 57 |
Foco
⚔️ 38.7% · 🌾 61.3%
Archer ×46 · Skirmisher ×9 · Mangonel ×2
Feudal
8:53
Castillos
21:34
Imperial
—
| APM promedio | 40.2 |
| APM pico | 72 |
| eAPM promedio | 16.2 |
| Aldeanos / militares | 35 / 28 |
Foco
⚔️ 35.1% · 🌾 64.9%
Knight ×15 · Skirmisher ×6 · Militia ×3 · Mangonel ×2 · Scorpion ×2
Mapa de la partida
Recursos iniciales + cada clic de construcción. Líneas = muros · curvas = relieve. ◆ oro · ⬟ piedra · ● bayas · ✦ reliquia · ◌ hueco del cierre
Tu base· Abierta — hueco de 10t
Base de Rhanex· Abierta — hueco de 3t
Terreno inicial suavizado · ◌ = hueco del cierre detectado · pasá el cursor para detalles
Inputs por minuto
— Ragnarök - - Rhanex
Build order — Ragnarök
Primeras 150 de 217 acciones detectadas
| 0:00 | Crear | Villager (Male) |
| 0:00 | Crear | Villager (Male) |
| 0:01 | Crear | Villager (Male) |
| 0:01 | Crear | Villager (Male) |
| 0:02 | Construir | House |
| 0:03 | Construir | House |
| 1:39 | Crear | Villager (Male) |
| 1:40 | Crear | Villager (Male) |
| 1:56 | Crear | Villager (Male) |
| 1:56 | Crear | Villager (Male) |
| 1:56 | Crear | Villager (Male) |
| 2:35 | Crear | Villager (Male) |
| 2:35 | Crear | Villager (Male) |
| 2:35 | Crear | Villager (Male) |
| 2:47 | Crear | Villager (Male) |
| 2:48 | Crear | Villager (Male) |
| 3:21 | Crear | Villager (Male) |
| 3:22 | Crear | Villager (Male) |
| 3:42 | Crear | Villager (Male) |
| 3:42 | Crear | Villager (Male) |
| 3:55 | Construir | House |
| 4:08 | Crear | Villager (Male) |
| 4:30 | Crear | Villager (Male) |
| 4:30 | Crear | Villager (Male) |
| 5:01 | Crear | Villager (Male) |
| 5:01 | Crear | Villager (Male) |
| 5:14 | Crear | Villager (Male) |
| 5:14 | Crear | Villager (Male) |
| 5:14 | Crear | Villager (Male) |
| 5:49 | Construir | Lumber Camp |
| 5:58 | Crear | Villager (Male) |
| 6:00 | Investigar | Loom |
| 6:11 | Construir | Mill |
| 6:51 | Investigar | Feudal Age |
| 7:38 | Construir | House |
| 8:26 | Construir | Barracks |
| 8:31 | Crear | Villager (Male) |
| 8:34 | Crear | Villager (Male) |
| 8:40 | Crear | Villager (Male) |
| 8:43 | Crear | Villager (Male) |
| 8:54 | Construir | Palisade Wall |
| 8:55 | Construir | Palisade Wall |
| 9:12 | Construir | Palisade Gate |
| 9:18 | Construir | Palisade Gate |
| 9:20 | Edad | Edad Feudal |
| 9:38 | Crear | Villager (Male) |
| 9:49 | Construir | Archery Range |
| 10:06 | Construir | Palisade Gate |
| 10:11 | Crear | Villager (Male) |
| 10:12 | Crear | Villager (Male) |
| 10:36 | Crear | Archer |
| 10:36 | Crear | Archer |
| 11:04 | Construir | House |
| 11:08 | Crear | Archer |
| 11:33 | Construir | House |
| 11:47 | Crear | Archer |
| 12:16 | Crear | Skirmisher |
| 12:16 | Crear | Skirmisher |
| 12:24 | Investigar | Double-Bit Axe |
| 12:24 | Investigar | Double-Bit Axe |
| 12:31 | Construir | House |
| 12:47 | Construir | Watch Tower |
| 12:58 | Crear | Villager (Male) |
| 12:58 | Crear | Villager (Male) |
| 13:06 | Crear | Skirmisher |
| 13:09 | Construir | House |
| 13:24 | Crear | Villager (Male) |
| 13:29 | Crear | Villager (Male) |
| 13:29 | Crear | Villager (Male) |
| 13:37 | Crear | Skirmisher |
| 14:21 | Crear | Villager (Male) |
| 14:21 | Crear | Villager (Male) |
| 14:21 | Crear | Villager (Male) |
| 14:23 | Crear | Villager (Male) |
| 14:25 | Construir | Farm |
| 14:51 | Construir | House |
| 14:54 | Crear | Archer |
| 15:18 | Crear | Skirmisher |
| 15:22 | Crear | Villager (Male) |
| 15:24 | Crear | Skirmisher |
| 15:28 | Construir | House |
| 15:32 | Construir | Blacksmith |
| 15:53 | Construir | Lumber Camp |
| 16:06 | Crear | Skirmisher |
| 16:19 | Crear | Skirmisher |
| 16:21 | Crear | Villager (Male) |
| 16:23 | Investigar | Padded Archer Armor |
| 16:30 | Construir | Farm |
| 16:31 | Construir | Farm |
| 16:48 | Construir | Palisade Gate |
| 16:50 | Construir | House |
| 16:52 | Construir | House |
| 16:58 | Construir | House |
| 17:00 | Construir | House |
| 17:09 | Crear | Skirmisher |
| 17:16 | Construir | Farm |
| 17:18 | Construir | Farm |
| 17:30 | Construir | Farm |
| 18:17 | Crear | Archer |
| 18:17 | Crear | Villager (Male) |
| 18:17 | Crear | Villager (Male) |
| 18:18 | Crear | Villager (Male) |
| 18:38 | Construir | Farm |
| 18:42 | Construir | Farm |
| 18:44 | Construir | Farm |
| 18:49 | Construir | Farm |
| 18:51 | Construir | Farm |
| 18:55 | Construir | Farm |
| 19:00 | Investigar | Fletching |
| 19:01 | Investigar | Fletching |
| 19:01 | Investigar | Fletching |
| 19:08 | Crear | Archer |
| 19:18 | Construir | Farm |
| 19:26 | Construir | Farm |
| 19:29 | Construir | Farm |
| 19:34 | Crear | Archer |
| 20:14 | Crear | Villager (Male) |
| 20:14 | Crear | Villager (Male) |
| 20:14 | Crear | Villager (Male) |
| 20:17 | Construir | Farm |
| 20:20 | Construir | Mining Camp |
| 20:44 | Construir | Farm |
| 21:04 | Crear | Archer |
| 21:04 | Crear | Archer |
| 21:07 | Crear | Villager (Male) |
| 21:14 | Construir | Lumber Camp |
| 21:23 | Crear | Archer |
| 21:33 | Crear | Villager (Male) |
| 21:51 | Construir | Market |
| 22:21 | Construir | Farm |
| 23:06 | Investigar | Castle Age |
| 23:06 | Investigar | Castle Age |
| 23:07 | Investigar | Castle Age |
| 23:38 | Construir | Farm |
| 23:38 | Construir | Farm |
| 23:55 | Construir | House |
| 23:57 | Construir | House |
| 23:59 | Construir | House |
| 24:03 | Crear | Archer |
| 24:04 | Crear | Archer |
| 24:04 | Crear | Archer |
| 24:04 | Crear | Archer |
| 24:12 | Construir | Archery Range |
| 24:16 | Construir | Archery Range |
| 24:29 | Construir | House |
| 24:42 | Crear | Archer |
| 25:00 | Crear | Archer |
| 25:00 | Crear | Archer |
| 25:00 | Crear | Archer |
| 25:03 | Construir | Palisade Gate |
Build order — Rhanex
119 acciones detectadas en el replay
| 0:03 | Construir | House |
| 0:06 | Construir | House |
| 0:07 | Investigar | Loom |
| 0:08 | Crear | Villager (Male) |
| 0:28 | Crear | Villager (Male) |
| 1:49 | Crear | Villager (Male) |
| 1:50 | Crear | Villager (Male) |
| 1:50 | Crear | Villager (Male) |
| 2:34 | Crear | Villager (Male) |
| 3:07 | Construir | Lumber Camp |
| 3:09 | Crear | Villager (Male) |
| 3:18 | Crear | Villager (Male) |
| 4:05 | Crear | Villager (Male) |
| 4:05 | Crear | Villager (Male) |
| 5:19 | Construir | Barracks |
| 5:24 | Crear | Villager (Male) |
| 5:59 | Crear | Villager (Male) |
| 6:06 | Construir | House |
| 6:10 | Construir | Palisade Wall |
| 6:49 | Investigar | Feudal Age |
| 7:14 | Crear | Militia |
| 7:34 | Crear | Militia |
| 8:00 | Crear | Militia |
| 8:14 | Construir | House |
| 8:16 | Construir | Palisade Wall |
| 8:17 | Construir | Palisade Wall |
| 8:53 | Edad | Edad Feudal |
| 9:30 | Construir | Archery Range |
| 9:37 | Construir | Mill |
| 9:39 | Crear | Villager (Male) |
| 10:09 | Crear | Villager (Male) |
| 10:27 | Crear | Skirmisher |
| 10:36 | Crear | Villager (Male) |
| 10:47 | Crear | Skirmisher |
| 10:49 | Construir | House |
| 11:09 | Crear | Villager (Male) |
| 11:18 | Construir | House |
| 11:23 | Construir | House |
| 11:37 | Crear | Villager (Male) |
| 12:31 | Construir | Farm |
| 12:32 | Crear | Villager (Male) |
| 12:41 | Crear | Skirmisher |
| 13:01 | Construir | Farm |
| 13:01 | Crear | Villager (Male) |
| 13:17 | Crear | Skirmisher |
| 13:19 | Crear | Villager (Male) |
| 13:45 | Construir | Farm |
| 13:50 | Construir | Blacksmith |
| 14:23 | Crear | Skirmisher |
| 14:33 | Construir | Farm |
| 14:34 | Crear | Villager (Male) |
| 14:49 | Investigar | Fletching |
| 14:52 | Construir | House |
| 15:05 | Crear | Villager (Male) |
| 15:21 | Crear | Skirmisher |
| 15:38 | Construir | Lumber Camp |
| 15:54 | Crear | Villager (Male) |
| 16:48 | Construir | Lumber Camp |
| 18:46 | Construir | Market |
| 19:08 | Investigar | Castle Age |
| 19:14 | Construir | Stable |
| 19:31 | Construir | Farm |
| 19:34 | Construir | Farm |
| 19:36 | Construir | Farm |
| 19:50 | Construir | House |
| 20:14 | Construir | Stable |
| 20:16 | Investigar | Double-Bit Axe |
| 20:25 | Construir | House |
| 20:44 | Construir | Farm |
| 20:49 | Construir | Farm |
| 20:53 | Construir | Farm |
| 21:27 | Construir | Farm |
| 21:32 | Investigar | Scale Barding Armor |
| 21:34 | Edad | Edad de los Castillos |
| 21:38 | Crear | Knight |
| 21:38 | Crear | Knight |
| 21:42 | Crear | Villager (Male) |
| 21:56 | Construir | Town Center |
| 22:47 | Crear | Knight |
| 22:48 | Crear | Knight |
| 22:55 | Crear | Villager (Male) |
| 23:54 | Investigar | Scale Barding Armor |
| 23:58 | Crear | Knight |
| 24:06 | Construir | Mining Camp |
| 24:17 | Crear | Villager (Male) |
| 24:24 | Crear | Villager (Male) |
| 25:00 | Construir | Farm |
| 25:01 | Investigar | Horse Collar |
| 25:46 | Crear | Knight |
| 25:46 | Crear | Knight |
| 26:30 | Construir | Siege Workshop |
| 26:44 | Crear | Knight |
| 26:44 | Crear | Knight |
| 26:52 | Investigar | Forging |
| 27:02 | Crear | Villager (Male) |
| 27:05 | Crear | Villager (Male) |
| 27:28 | Crear | Mangonel |
| 27:46 | Construir | Outpost |
| 27:55 | Investigar | Chain Barding Armor |
| 28:15 | Construir | House |
| 28:32 | Crear | Mangonel |
| 29:38 | Crear | Villager (Male) |
| 29:41 | Investigar | Bloodlines |
| 29:43 | Investigar | Husbandry |
| 30:24 | Construir | Town Center |
| 30:25 | Crear | Villager (Male) |
| 30:31 | Crear | Knight |
| 30:31 | Crear | Knight |
| 30:42 | Construir | Mining Camp |
| 30:52 | Crear | Scorpion |
| 30:57 | Crear | Villager (Male) |
| 31:00 | Construir | Farm |
| 31:03 | Construir | Farm |
| 31:36 | Crear | Scorpion |
| 32:11 | Crear | Knight |
| 33:39 | Crear | Knight ×3 |
| 33:47 | Crear | Villager (Male) |
| 33:47 | Crear | Villager (Male) |
| 33:47 | Crear | Villager (Male) |
Cronología de la partida
| 5:19 | Rhanex · first_building Barracks |
| 6:10 | Rhanex · wall_segment Palisade Wall x4 |
| 8:16 | Rhanex · wall_segment Palisade Wall x1 |
| 8:17 | Rhanex · wall_segment Palisade Wall x1 |
| 8:26 | Ragnarök · first_building Barracks |
| 8:53 | Rhanex · age_up feudal |
| 8:54 | Ragnarök · wall_segment Palisade Wall x1 |
| 8:55 | Ragnarök · wall_segment Palisade Wall x1 |
| 9:20 | Ragnarök · age_up feudal |
| 9:30 | Rhanex · first_building Archery Range |
| 9:49 | Ragnarök · first_building Archery Range |
| 19:14 | Rhanex · first_building Stable |
| 21:34 | Rhanex · age_up castle |
| 22:46 | Rhanex · first_market_sell 100 food |
| 25:07 | Ragnarök · wall_segment Palisade Wall x1 |
| 25:46 | Ragnarök · age_up castle |
| 26:28 | Ragnarök · first_building Monastery |
| 26:30 | Rhanex · first_building Siege Workshop |
| 28:23 | Ragnarök · first_building Siege Workshop |
| 30:22 | Rhanex · first_market_buy 100 stone |
| 34:10 | Ragnarök · first_market_buy 100 wood |
| 35:42 | Ragnarök · resign |
[ ANÁLISIS IA · 1 CRÉDITO ]
¿Qué pasó realmente en esta partida?
Wolo.gg analiza cada decisión: build order, eco, micro, errores típicos por bracket. Análisis personalizado por WhatsApp o Discord en 30 segundos.
Guía civ
Sarracenos
Guía mapa
Border Dispute
Perfil
Jugador #30710